 Dungeon Crawl Stone Soup version 0.31-a0-692-gf03d1854d5 (webtiles) character file.

Game seed: 6743209507899213670

77 qw the Shooter (level 4, -5/28 HPs)
             Began as a Gargoyle Hunter on Sept 6, 2023.
             Slain by a goblin
             ... wielding a +0 club
             ... led by Robin
              (6 damage)
             ... on level 2 of the Dungeon.
             The game lasted 00:00:33 (977 turns).

qw the Shooter (Gargoyle Hunter)                     Turns: 977, Time: 00:00:34

Health: -5/28      AC:  8    Str: 14    XL:     4   Next: 34%
Magic:  4/4        EV: 10    Int: 10    God:
Gold:   40         SH:  0    Dex: 15    Spells: 3/3 levels left

rFire   . . .        Y - +0 shortbow
rCold   . . .        (shield currently unavailable)
rNeg    + . .        e - +0 ring mail
rPois   inf          (no helmet)
rElec   +            (no cloak)
rCorr   .            (no gloves)
SInv    .            (no boots)
Will    .....        (no amulet)
Stlth   +            (no ring)
HPRegen 0.24/turn    (no ring)
MPRegen 0.09/turn

%: no passive effects
@: no status effects
A: sickness immunity, AC +3, negative energy resistance 1, electricity
resistance, torment resistance 1, petrification resistance
a: no special abilities


You were on level 2 of the Dungeon.
You visited 1 branch of the dungeon, and saw 2 of its levels.

You collected 62 gold pieces.
You spent 22 gold pieces at shops.


Innate Abilities, Weirdness & Mutations

You are immune to sickness and miasma.
Your stone body is resilient. (AC +3)
You are immune to poison.
You resist negative energy. (rN+)
You are resistant to electric shocks. (rElec)
You are resistant to unholy torment.
You are immune to petrification.


   Skills:
 - Level 3.0 Fighting
 + Level 5.2 Ranged Weapons
 - Level 1.0 Armour
 - Level 1.5 Dodging
 - Level 1.1 Stealth


You had 3 spell levels left.
You didn't know any spells.
Your spell library was empty.

Inventory:

Hand Weapons
 Y - a +0 shortbow (weapon)
Armour
 d - a +0 pair of boots
 e - a +0 ring mail (worn)
Scrolls
 a - a scroll of enchant armour
 b - a scroll of identify
 c - a scroll of vulnerability {unknown}

Dungeon Overview and Level Annotations

Branches:
Dungeon (2/15)

Altars:

Shops:
D:2 *

Annotations:
D:2 Robin


Message History

You shoot an arrow. The arrow closely misses the goblin.
The arrow barely misses the goblin.
The goblin hits you with a +0 dagger.
You shoot an arrow. The arrow barely misses the goblin.
The arrow closely misses the goblin.
The goblin hits you with a +0 dagger. The goblin hits you but does no damage.
You shoot an arrow. The arrow hits the goblin.
You kill the goblin!
You shoot an arrow. The arrow barely misses the goblin.
The goblin hits you but does no damage.
You shoot an arrow.
The arrow hits the goblin but does no damage.
The goblin closely misses you.
You shoot an arrow. The arrow hits the goblin!
You kill the goblin!
Robin throws the goblin at you! The goblin hits you with a +0 dagger.
The goblin completely misses you.
You shoot an arrow. The arrow hits the goblin.
You kill the goblin!
You shoot an arrow.
The arrow hits Robin but does no damage.
Robin hits you but does no damage.
You shoot an arrow. The arrow closely misses Robin.
Robin barely misses you. Robin throws the goblin at you!
The goblin hits you with a +0 club.
You shoot an arrow.
The arrow hits Robin but does no damage.
Robin roars a battlecry!
The goblins go into a battle-frenzy!
The goblin barely misses you.
You shoot an arrow. The arrow closely misses Robin.
The arrow hits the goblin.
You kill the goblin!
Robin hits you with a +0 dagger. The goblin hits you but does no damage.
You shoot an arrow. The arrow barely misses Robin.
Robin closely misses you. The goblin hits you but does no damage.
You shoot an arrow. The arrow hits Robin.
Robin is lightly wounded.
Robin closely misses you. The goblin hits you with a +0 club.
Robin barely misses you. The goblin hits you with a +0 club.
You die...

## ..... .. ..## ..8.
##.#.####... .?.
............# #g.
............# g)
#.........># %#
#.#..#..#.#.###)# #.
#.#.........g@g)#
#.##.##).#.#.#.#####.
........#.......<.....
... ..#.##.##########.
#.# #.#.##)##
#.###.#.#...####
#..............#
.>....#.#....#.#
#.##..#.....#..#


You could see Robin and a goblin (strong).

Vanquished Creatures
  A hound skeleton (D:2)
  An adder zombie (D:2)
  3 dart slugs
  A bat skeleton (D:2)
  2 endoplasms
  14 goblins
  6 hobgoblins
  3 quokkas (D:1)
  6 ball pythons
  4 bats
  3 frilled lizards (D:1)
  A giant cockroach zombie (D:2)
  4 kobolds
  3 rats (D:1)
52 creatures vanquished.

Notes
Turn   | Place    | Note
-------+----------+-------------------------------------------
     0 | D:1      | qw the Gargoyle Hunter began the quest for the Orb.
     0 | D:1      | Reached XP level 1. HP: 12/12 MP: 1/1
     0 | D:1      | 0 ||| qw: Version: 0.3-a-76-g4403597
     0 | D:1      | 0 ||| qw: Game counter: 313
     0 | D:1      | 0 ||| qw: Melee chars always use a shield: true
     0 | D:1      | 0 ||| qw: God list: Okawaru
     0 | D:1      | 0 ||| qw: Allow faded altars: false
     0 | D:1      | 0 ||| qw: Do Orc after clearing Dungeon:15 true
     0 | D:1      | 0 ||| qw: Do second Lair branch before Depths: true
     0 | D:1      | 0 ||| qw: Lair rune preference: random
     0 | D:1      | 0 ||| qw: Goals: Normal
     0 | D:1      | 0 ||| PLANNING D:1-11
    84 | D:1      | Reached XP level 2. HP: 17/17 MP: 2/2
   316 | D:1      | Reached XP level 3. HP: 21/21 MP: 3/3
   364 | D:1      | Reached skill level 5 in Ranged Weapons
   621 | D:1      | 621 ||| UPGRADING to +0 ring mail.
   631 | D:1      | 631 ||| DROPPING +0 leather armour.
   632 | D:1      | 632 ||| READING 2 scrolls labelled MATEUCOZYU.
   633 | D:1      | 633 ||| DROPPING scroll of butterflies.
   663 | D:2      | Found Bomaig's General Store.
   669 | D:2      | 669 ||| SHOPLISTING +2 helmet of intelligence (236 gold,
                  | have 45).
   669 | D:2      | 669 ||| SHOPLISTING potion of haste (110 gold, have 45).
   669 | D:2      | 669 ||| BUYING scroll of identify (22 gold).
   669 | D:2      | Bought a scroll of identify for 22 gold pieces
   741 | D:2      | Reached skill level 1 in Armour
   925 | D:2      | Reached XP level 4. HP: 24/27 MP: 4/4
   928 | D:2      | Reached skill level 3 in Fighting
   944 | D:2      | Noticed Robin
   962 | D:2      | 962 ||| Stepping ~*~*~tactically~*~*~ (outnumbered).
   970 | D:2      | HP: 4/28 [goblin/+0 dagger[Robin] (5)]
   975 | D:2      | HP: 4/28 [Robin/+0 dagger (1)]
   977 | D:2      | HP: 1/28 [goblin/+0 club[Robin] (3)]
   977 | D:2      | Slain by a goblin

Levels and vault maps discovered:
D:1:      ldierk_walled_garden_2, layout_basic, minmay_gold_behind_fungi,
          nrook_campfire, lemuel_flame_loot_1
D:2:      layout_loops_ring, serial_shops, nicolae_shop_back_alley_shop,
          nicolae_shop_rolling_square, serial_undead, serial_undead_c,
          serial_undead_d, serial_undead_d, serial_undead_e, uniq_robin

Skill      XL: |  1  2  3  4 |
---------------+-------------+-----
Ranged Weapons | 5 |  5.2
Armour         | 1 |  1.0
Fighting       | 3 |  3.0
Dodging        | |  1.5
Stealth        | |  1.1

Action                     |  1- 3 |  4- 6 || total
---------------------------+-------+-------++-------
   Fire: Shortbow          |   114 |    41 ||   155
    Use: Scroll            |     1 |       ||     1
 Armour: Leather armour    |    29 |       ||    29
         Ring mail         |    21 |    33 ||    54
  Dodge: Dodged            |    31 |    20 ||    51

Table legend:
 A = Non-vault XP
 B = Vault XP
 C = Vault XP percentage of total XP
 D = Non-vault monster count
 E = Vault monster count
 F = Vault count percentage of total count
                 A         B        C        D         E       F
            +---------+---------+-------+---------+---------+-------
      Total |      66 |      45 |  40.5 |      38 |      14 |  26.9
            +---------+---------+-------+---------+---------+-------
        D:1 |      44 |       0 |   0.0 |      26 |       0 |   0.0
        D:2 |      22 |      45 |  67.2 |      12 |      14 |  53.8
            +---------+---------+-------+---------+---------+-------
